 Dungeon Crawl Stone Soup version 0.20.1-1-g8b1a95d (webtiles) character file.

2029 Crag the Poker (level 9, -2/120 HPs)
             Began as a Naga Summoner on July 16, 2017.
             Was a Follower of Cheibriados.
             Engulfed by a cloud of flame (8 damage)
             ... on level 7 of the Dungeon.
             The game lasted 00:55:48 (9754 turns).

Crag the Poker (Naga Summoner)                      Turns: 9754, Time: 00:55:48

Health: -2/120     AC: 24    Str: 16    XL:     9   Next: 23%
Magic:  12/16      EV:  1    Int: 18    God:    Cheibriados [*.....]
Gold:   284        SH:  0    Dex: 16    Spells: 9/17 levels left

rFire    + . .     SeeInvis +   k - +1 spear
rCold    + . .     Gourm    .   (no shield)
rNeg     + + +     Faith    .   (armour currently unavailable)
rPois    +         Spirit   .   (helmet currently unavailable)
rElec    +         Reflect  .   (cloak currently unavailable)
rCorr    +         Harm     .   (gloves currently unavailable)
MR       ++...     NoTele   +   (no barding)
Stlth    ++........             (no amulet)
Regen    0.3/turn               o - ring of protection from magic
MPRegen  0.2/turn               h - ring of wizardry

@: tree-form, resistant, very slow
A: see invisible, slow metabolism 1, spit poison 1, AC +3
a: Spit Poison, Bend Time, Renounce Religion


You were on level 7 of the Dungeon.
You worshipped Cheibriados.
Cheibriados was aware of your devotion.
You were not hungry.
You were a tree.
You visited 2 branches of the dungeon, and saw 8 of its levels.

You collected 344 gold pieces.
You spent 60 gold pieces at shops.

Inventory:

Hand Weapons
 e - a +0 club
 k - a +1 spear (weapon)
 l - a +0 hunting sling
 r - a +0 scythe
Missiles
 d - 220 stones (quivered)
 z - 8 curare-tipped needles
Armour
 a - a +1 robe (melded)
 m - a +0 ring mail
 w - a +1 cloak (melded)
 B - a +1 helmet (melded)
Jewellery
 h - a ring of wizardry (right branch)
 o - a ring of protection from magic (left branch)
Wands
 p - a wand of random effects (30/48)
 u - a wand of acid (11/15)
 x - a wand of iceblast (4/15)
 y - a wand of flame (30/48)
Scrolls
 g - 3 scrolls of remove curse
 i - 2 scrolls of enchant armour
 t - 5 scrolls of identify
 v - 3 scrolls of teleportation
 C - a scroll of blinking {unknown}
 E - a scroll of random uselessness {unknown}
 G - a scroll of fog
Potions
 f - a potion of resistance
 q - a potion of brilliance
 s - 4 potions of curing
Books
 b - a book of Callings

   Spells                             Type                      Level
   a - Summon Small Mammal            Summoning                    1
   b - Call Imp                       Summoning                    2
   c - Call Canine Familiar           Summoning                    3
   d - Summon Guardian Golem          Hexes/Summoning              3
   e - Summon Lightning Spire         Summoning/Air                4
   f - Summon Ice Beast               Ice/Summoning                4
Comestibles
 c - 7 bread rations
 n - 5 royal jellies
 D - a chunk of flesh
 F - a meat ration


   Skills:
 + Level 4.8 Fighting
 * Level 7.2 Polearms
 - Level 1.5 Dodging
 - Level 3.0 Stealth
 + Level 4.9 Spellcasting
 + Level 6.5 Summonings
 - Level 2.0 Air Magic
 + Level 1.5 Invocations


You had 9 spell levels left.
You knew the following spells:

 Your Spells              Type           Power        Failure   Level  Hunger
a - Summon Small Mammal   Summ           ####         1%          1    None
b - Summon Lightning Spi  Summ/Air       ###.....     9%          4    ####...
c - Summon Guardian Gole  Hex/Summ       ###.....     4%          3    ###....


Dungeon Overview and Level Annotations

Branches:
Dungeon (7/15)             Temple (1/1) D:6

Altars:
Cheibriados
Dithmenos
Elyvilon
Makhleb
Qazlal
Ru
Yredelemnul
The Shining One

Shops:
D:5 !   D:7 *(!


Innate Abilities, Weirdness & Mutations

You cannot wear boots.
((Your serpentine skin is tough. (AC +3)))
You have supernaturally acute eyesight. (SInv)
((Armour fits poorly on your strangely shaped body.))
((Your system is resistant to poisons. (rPois)))
((You cover ground very slowly.))
You have a slow metabolism.
You can spit poison.


Message History

The fiery explosion engulfs the orc warrior.
The orc warrior dies!
Cheibriados thoroughly appreciates the change of pace.
The fiery explosion engulfs you! You resist.
* * * LOW HITPOINT WARNING * * *
Unknown command.
Attack whom?
Press: ? - help, Dir - move target cursor, f/p - red ugly thing
Aim: a red ugly thing (moderately wounded)
You hit the red ugly thing but do no damage.
The red ugly thing is moderately wounded.
You are engulfed in blazing flames.
You resist.
The red ugly thing kicks you but does no damage.
Attack whom?
Press: ? - help, Dir - move target cursor, f/p - red ugly thing
Aim: a red ugly thing (moderately wounded)
You hit the red ugly thing.
The red ugly thing is moderately wounded.
You are engulfed in blazing flames.
You resist.
You die...

...###.#..####.....####.......#
..## #.#..#$.##...##..#.......#
#.# #.#..#...##.##...#.......#
#.# #.#..##...#.#...##.......#
#.# #.#... #.'#.#'.##........#
#..# .......###...###....######
##............§§8........# #...#
....###§u.###....###### #.### ...
+#♣#÷.##........## . #.# ..#
#.#†..##.......[## .##.# ..#
##.##...#.......... ....# ##..
##...##.)#.......... ##.^###.!
###.....####.........# .#...##.#
......................#
.##)..#.########........../.....#
.#..........######.............##
........................#.....##


You could see a red ugly thing.

Vanquished Creatures
  Sigmund (D:2)
  An ogre (D:7)
  A centaur (D:6)
  A bullfrog (D:7)
  Dowan (D:4)
  A killer bee (D:7)
  Crazy Yiuf (D:2)
  An orc priest (D:4)
  A bullfrog skeleton (D:7)
  2 orc wizards
  Natasha (thrice) (D:2)
  Terence (D:2)
  A killer bee zombie (D:7)
  2 hound skeletons
  A worker ant zombie (D:6)
  5 adders
  An ooze (D:1)
  A worm (D:3)
  A dart slug (D:3)
  6 leopard geckos
  10 orcs
  2 ball pythons
  10 bats
  4 giant cockroaches
  7 goblins
  7 hobgoblins
  6 jackals
  5 kobolds
  A quokka (D:5)
  6 frilled lizards
  A jackal skeleton (D:3)
  8 rats
100 creatures vanquished.

Vanquished Creatures (collateral kills)
  Grinder (D:4)
  Duvessa (D:4)
  An orc warrior (D:7)
  2 phantoms (D:6)
  4 ogres
  2 centaurs (D:6)
  A bullfrog (D:7)
  2 scorpions
  A howler monkey (D:6)
  2 crimson imps
  A gnoll shaman (D:4)
  A bullfrog skeleton (D:4)
  4 hounds
  6 orc wizards
  3 orc priests
  An iguana (D:5)
  3 worker ants (D:4)
  3 gnolls (D:4)
  An adder (D:4)
  An ooze (D:2)
  A worm (D:4)
  2 leopard geckos
  23 orcs
  A goblin (D:1)
  5 hobgoblins
  11 jackals
  A quokka (D:4)
  2 frilled lizards
  2 quokka skeletons
  A rat (D:3)
90 creatures vanquished.

Grand Total: 190 creatures vanquished

Notes
Turn   | Place    | Note
-------+----------+-------------------------------------------
     0 | D:1      | Crag the Naga Summoner began the quest for the Orb.
     0 | D:1      | Reached XP level 1. HP: 15/15 MP: 3/3
   244 | D:1      | Reached XP level 2. HP: 24/24 MP: 3/5
   550 | D:1      | Reached skill level 1 in Polearms
   786 | D:1      | Reached skill level 1 in Fighting
   786 | D:1      | Reached XP level 3. HP: 17/31 MP: 4/6
  1649 | D:2      | Noticed Natasha
  1665 | D:2      | Killed Natasha
  1665 | D:2      | Reached XP level 4. HP: 7/38 MP: 5/8
  1928 | D:2      | Learned a level 4 spell: Summon Lightning Spire
  1932 | D:2      | Learned a level 3 spell: Summon Guardian Golem
  2002 | D:2      | Noticed Terence
  2023 | D:2      | Killed Terence
  2189 | D:2      | Noticed Natasha
  2193 | D:2      | Killed Natasha
  2193 | D:2      | Reached skill level 2 in Polearms
  2193 | D:2      | Reached XP level 5. HP: 39/45 MP: 7/9
  2316 | D:2      | Noticed Sigmund
  2333 | D:2      | Killed Sigmund
  2333 | D:2      | Reached skill level 3 in Polearms
  2333 | D:2      | Reached skill level 1 in Air Magic
  2333 | D:2      | Reached XP level 6. HP: 33/52 MP: 10/10
  2367 | D:2      | Noticed Natasha
  2477 | D:2      | Killed Natasha
  2929 | D:2      | Found a runed door.
  2933 | D:2      | Noticed Crazy Yiuf
  2944 | D:2      | Killed Crazy Yiuf
  3339 | D:3      | Found a sacrificial altar of Ru.
  3459 | D:3      | Found a basalt altar of Yredelemnul.
  3463 | D:3      | Found a white marble altar of Elyvilon.
  3463 | D:3      | Found a glowing golden altar of the Shining One.
  3464 | D:3      | Found a stormy altar of Qazlal.
  4516 | D:4      | Reached XP level 7. HP: 61/61 MP: 4/12
  4602 | D:4      | Noticed Duvessa
  4612 | D:4      | Killed Duvessa
  4612 | D:4      | Reached skill level 5 in Summonings
  4614 | D:4      | Noticed Dowan
  4636 | D:4      | Killed Dowan
  4636 | D:4      | Reached skill level 4 in Polearms
  4818 | D:4      | Noticed Grinder
  6266 | D:4      | Killed Grinder
  6266 | D:4      | Reached skill level 5 in Polearms
  6266 | D:4      | Reached XP level 8. HP: 69/69 MP: 4/14
  6704 | D:5      | Entered Level 5 of the Dungeon
  6981 | D:5      | Found Cepoisu's Distillery.
  6988 | D:5      | Bought a potion of heal wounds for 60 gold pieces
  7942 | D:6      | Reached skill level 6 in Polearms
  8441 | D:6      | Found a staircase to the Ecumenical Temple.
  8462 | Temple   | Entered the Ecumenical Temple
  8475 | Temple   | Became a worshipper of Cheibriados the Contemplative
  8883 | D:6      | Reached XP level 9. HP: 79/79 MP: 12/16
  9204 | D:7      | Reached * piety under Cheibriados
  9219 | D:7      | Found Puyps's Distillery.
  9385 | D:7      | Reached skill level 7 in Polearms
  9417 | D:7      | Found Xepeghil's Assorted Antiques.
  9466 | D:7      | Found Gablarph's Antique Weapon Shop.
  9540 | D:7      | Reached skill level 1 in Invocations
  9731 | D:7      | Noticed a red ugly thing
  9752 | D:7      | HP: 6/120 [guardian golem/exploding inner flame[the player character] (8)]
  9754 | D:7      | Engulfed by a cloud of flame

Skill      XL: |  1  2  3  4  5  6  7  8  9 |
---------------+----------------------------+-----
Polearms       | 1 2 3 5 6 7 |  7.2
Fighting       | 1 2 3 4 |  4.8
Spellcasting   | 3 4 |  4.9
Air Magic      | 1 2 |  2.0
Summonings     | 5 6 |  6.5
Invocations    | 1 |  1.5
Dodging        | |  1.5
Stealth        | |  3.0

Action                   |  1- 3 |  4- 6 |  7- 9 || total
-------------------------+-------+-------+-------++-------
Melee: Club              |     6 |       |       ||     6
       Spear             |    56 |   156 |   278 ||   490
 Cast: Summon Small Mamm |    13 |    22 |     8 ||    43
       Summon Guardian G |       |     7 |    25 ||    32
       Summon Lightning  |       |     5 |    45 ||    50
 Abil: Spit Poison       |    23 |    24 |    10 ||    57
  Use: Scroll            |     5 |       |     4 ||     9
       Potion            |     1 |       |    10 ||    11
 Stab: Sleeping          |     1 |     3 |       ||     4
       Distracted        |       |     2 |     4 ||     6
  Eat: Chunk             |     3 |    11 |    26 ||    40
Armor: Robe              |     6 |    24 |    63 ||    93
       Skin              |       |       |    24 ||    24
Dodge: Dodged            |    27 |    63 |    84 ||   174
